Map: World of Sleepers LE

Players

IIIIIllllIIl (Creator)

  • Race: Protoss Protoss
  • League: Grandmaster
  • Spawn Location: 7:00

Maru - Winner!

  • Race: Terran Terran
  • League: Grandmaster
  • Spawn Location: 1:00

VOD

Have the link to the VOD?

Description

Time

  • Played on: Jan. 6, 2020, 9:07 p.m.
  • Length: 8:13
Show
View Real Time Build Order
Export as new Build Order

IIIIIllllIIl Protoss 

Build Orders:  

Get SALT Encoding   

  12  0:00  Probe  
  13  0:13  Probe  
  14  0:18  Pylon  
  14  0:25  Probe  
  15  0:37  Probe (Chrono Boost)  
  15  0:41  Gateway  
  16  0:48  Probe (Chrono Boost)  
  17  0:51  Pylon  
  17  0:52  Probe (Chrono Boost)  
  17  0:57  Assimilator  
  18  1:03  Probe  
  19  1:10  Gateway  
  19  1:15  Probe  
  20  1:27  Probe  
  20  1:29  Cybernetics Core  
  21  1:32  Assimilator  
  21  1:39  Probe  
  22  1:48  Pylon  
  22  1:51  Probe  
  23  2:02  Adept (Chrono Boost)  
  23  2:04  Probe  
  26  2:11  Stargate  
  26  2:18  Adept (Chrono Boost)  
  28  2:26  Warp Gate  
  28  2:42  Nexus  
  28  3:05  Fleet Beacon  
  28  3:08  Adept  
  30  3:15  Probe  
  30  3:27  Probe  
  31  3:39  Probe  
  32  3:45  Tempest (Chrono Boost)  
  32  3:51  Probe  
  38  3:57  Probe  
  39  4:06  Probe  
  39  4:09  Probe  
  41  4:15  Pylon  
  41  4:17  Tempest (Chrono Boost)  
  41  4:18  Probe  
  41  4:21  Probe  
  48  4:31  Probe  
  49  4:33  Probe  
  49  4:35  Stalker, Shield Battery  
  52  4:41  Pylon  
  52  4:43  Probe, Stalker  
  52  4:45  Probe  
  54  4:55  Probe  
  54  4:57  Probe  
  56  5:01  Shield Battery  
  56  5:02  Shield Battery  
  56  5:07  Probe  
  56  5:09  Probe  
  56  5:11  Gateway  
  58  5:15  Tempest (Chrono Boost)  
  63  5:22  Shield Battery  
  63  5:24  Shield Battery  
  63  5:28  Stalker  
  63  5:33  Assimilator  
  65  5:39  Shield Battery  
  65  5:42  Probe x2  
  67  5:58  Stalker  
  67  6:00  Pylon  
  69  6:06  Probe  
  70  6:14  Pylon x2  
  70  6:18  Probe, Tempest (Chrono Boost)  
  76  6:25  Stalker  
  76  6:28  Shield Battery  
  76  6:30  Pylon, Shield Battery  
  78  6:39  Stalker  
  80  6:40  Zealot  
  82  6:50  Stalker  
  82  6:51  Probe x2  
  82  6:52  Tempest (Chrono Boost)  
  91  6:54  Shield Battery x2  
  91  6:59  Pylon x2  
  91  7:02  Zealot, Stalker  
  95  7:15  Gateway  
  95  7:16  Adept  
  95  7:21  Tempest (Chrono Boost)  
  97  7:27  Zealot  
  97  7:35  Stalker  
  86  7:40  Stalker  
  74  7:50  Stalker  
  70  7:56  Gateway  
  70  7:57  Gateway  
  70  7:58  Zealot  
  77  8:04  Zealot  
Show
View Real Time Build Order
Export as new Build Order

Maru Terran - Winner!

Build Orders: Reaper Expand 

Get SALT Encoding   

  12  0:00  SCV  
  13  0:12  SCV  
  14  0:17  Supply Depot  
  14  0:25  SCV  
  15  0:38  SCV  
  15  0:40  Barracks  
  16  0:42  Refinery  
  16  0:50  SCV  
  17  1:02  SCV  
  18  1:14  SCV  
  19  1:27  Reaper, Orbital Command  
  20  1:39  Command Center  
  20  1:52  Supply Depot  
  20  1:53  SCV  
  21  2:00  Marine  
  22  2:04  Bunker  
  22  2:08  SCV  
  23  2:15  Factory  
  23  2:20  SCV  
  23  2:21  Marine  
  25  2:26  Refinery  
  25  2:32  SCV  
  26  2:41  Marine  
  28  2:44  SCV  
  27  2:56  SCV  
  28  3:00  Marine, Starport  
  29  3:06  Orbital Command  
  29  3:08  Factory Tech Lab  
  29  3:10  SCV  
  30  3:18  Marine  
  31  3:23  SCV  
  31  3:26  Cyclone  
  35  3:31  Barracks  
  35  3:37  Starport Reactor  
  35  3:39  SCV x2  
  35  3:41  Marine  
  38  3:44  Supply Depot  
  38  3:54  SCV  
  38  3:57  SCV  
  38  3:58  Siege Tank  
  42  4:09  SCV  
  43  4:11  SCV  
  43  4:14  Viking x2  
  48  4:21  Barracks Reactor  
  48  4:22  Supply Depot  
  48  4:25  SCV  
  48  4:27  SCV  
  48  4:29  Barracks Tech Lab  
  50  4:36  Refinery  
  50  4:37  SCV  
  51  4:39  SCV  
  51  4:45  Viking  
  54  4:50  SCV  
  54  4:51  SCV, Marine  
  57  5:02  SCV, Stimpack  
  57  5:03  SCV  
  57  5:06  Supply Depot  
  59  5:14  SCV  
  60  5:15  Marine, SCV  
  62  5:21  Marine x2, Viking x2  
  62  5:26  SCV  
  62  5:27  SCV  
  70  5:33  Marine, Supply Depot, Engineering Bay  
  71  5:38  SCV  
  71  5:39  Marine x2  
  71  5:41  Siege Tank  
  76  5:51  Viking  
  76  5:54  SCV  
  76  5:55  SCV  
  79  6:01  Viking  
  79  6:06  SCV  
  79  6:07  SCV  
  81  6:12  Supply Depot  
  81  6:13  Terran Infantry Weapons Level 1  
  81  6:14  Supply Depot  
  80  6:18  SCV  
  80  6:19  SCV, Marine x2  
  80  6:21  Marine  
  82  6:33  Viking  
  82  6:37  Marine x2  
  82  6:39  Viking  
  87  6:44  Marine  
  88  6:54  Marine, Siege Tank  
  88  6:55  Marine, SCV x2  
  95  7:02  Marine  
  95  7:07  SCV  
  97  7:08  Viking  
  97  7:12  Marine x2  
  100  7:20  Marine  
  101  7:27  Supply Depot  
  101  7:28  Viking  
  102  7:30  Marine x2  
  95  7:38  Marine  
  95  7:40  Viking  
  86  7:48  Marine x2  
  85  7:53  SCV x2  
Tags
 
Add a new tag
Caveats
  • Supply blocks, unpowered buildings, or Contaminate may cause inaccurate times.
  • Supply counts are checked every 10 seconds.